 Dungeon Crawl Stone Soup version 0.31.0-11-ge490571c62 (webtiles) character file.

Game seed: 14518911958806729331

9808 EonDragon20 the Metamorph (level 11, -1/103 HPs)
             Began as a Merfolk Shapeshifter on Feb 6, 2024.
             Was an Elder of Wu Jian.
             Slain by an ice devil (20 damage)
             ... on level 1 of the Lair of Beasts on Feb 7, 2024.
             The game lasted 00:25:51 (11145 turns).

EonDragon20 the Metamorph (Merfolk Shapeshifter)   Turns: 11145, Time: 00:25:52

Health: -1/103     AC: 12    Str: 19    XL:     11   Next: 52%
Magic:  11/11      EV: 16    Int: 16    God:    Wu Jian [****..]
Gold:   497        SH:  0    Dex: 18    Spells: 10/10 levels left

rFire   . . .        i - melded +0 dagger (spect)
rCold   . . .        (shield currently unavailable)
rNeg    + . .        a - melded +1 animal skin
rPois   +            q - melded +1 hat
rElec   .            (cloak currently unavailable)
rCorr   .            (gloves currently unavailable)
SInv    .            (boots currently unavailable)
Will    .....        (no amulet)
Stlth   ++++         g - ring of positive energy
HPRegen 0.37/turn    m - +6 ring of intelligence
MPRegen 0.12/turn

%: no passive effects
@: snake-form, slowed, studying Shapeshifting, very slow
A: constrict, boosted hp, large, (nimble swimmer 2), (mertail)
a: Begin Untransformation, Renounce Religion, Wall Jump, Serpent's Lash


You were on level 1 of the Lair of Beasts.
You worshipped Wu Jian.
Wu Jian was greatly pleased with you.
You were an enormous serpent.
You visited 2 branches of the dungeon, and saw 12 of its levels.

You collected 497 gold pieces.

Inventory:

Hand Weapons
 i - a +0 spectral dagger (melded)
Armour
 a - a +1 animal skin (melded)
 q - a +1 hat (melded)
Jewellery
 g - a ring of positive energy (left hand)
 m - a +6 ring of intelligence (right hand)
 s - a ring of flight
 v - a ring of protection from fire
 z - a +5 ring of evasion
Talismans
 c - a beast talisman
 d - a flux talisman
 u - a serpent talisman (active)
Wands
 x - a wand of iceblast (14)
 C - a wand of flame (16)
 D - a wand of paralysis (8)
Scrolls
 h - 3 scrolls of vulnerability
 j - 2 scrolls of teleportation
 o - 2 scrolls of fog
 t - a scroll of immolation
 w - a scroll of brand weapon
 y - 2 scrolls of revelation
 B - 2 scrolls of enchant armour
 E - a scroll of identify
Potions
 b - 5 potions of lignification
 e - 2 potions of ambrosia
 f - 2 potions of degeneration
 k - a potion of attraction
 l - 4 potions of might
 n - 7 potions of curing
 p - 3 potions of haste
 r - 3 potions of berserk rage
 A - 2 potions of cancellation {unknown}


   Skills:
 * Level 8.0 Fighting
 * Level 10.9 Dodging
 * Level 7.5 Stealth
 * Level 9.5 Unarmed Combat
 - Level 15.2 Shapeshifting


You had 10 spell levels left.
You didn't know any spells.
Your spell library contained the following spells:

 Spells                   Type           Power      Damage    Failure   Level
 Magic Dart               Conj           0%         1d3       26%         1
 Slow                     Hex            0%         N/A       26%         1
 Summon Small Mammal      Summ           0%         N/A       26%         1
 Blink                    Tloc           0%         N/A       36%         2
 Call Imp                 Summ           0%         N/A       36%         2
 Mercury Vapours          Alch/Air       0%         N/A       36%         2
 Sublimation of Blood     Necr           0%         N/A       36%         2
 Call Canine Familiar     Summ           0%         N/A       58%         3
 Confusing Touch          Hex            0%         N/A       58%         3
 Mephitic Cloud           Conj/Alch/Air  0%         N/A       58%         3
 Sigil of Binding         Hex            0%         N/A       58%         3
 Stone Arrow              Conj/Erth      0%         3d7       58%         3
 Vampiric Draining        Necr           0%         2d6       58%         3
 Animate Armour           Summ/Erth      0%         N/A       94%         4
 Summon Blazeheart Golem  Fire/Summ      0%         N/A       94%         4
 Freezing Cloud           Conj/Ice/Air   0%         6-21      100%        5
 Summon Hydra             Summ           0%         N/A       100%        7
 Lehudib's Crystal Spear  Conj/Erth      0%         10d2      100%        8


Dungeon Overview and Level Annotations

Branches:
Dungeon (11/15)            Temple (0/1) D:7            Lair (1/5) D:9
    Orc: D:9-12

Altars:
Ashenzari
Cheibriados
Dithmenos
Elyvilon
Kikubaaqudgha
Nemelex Xobeh
Okawaru
Trog
Uskayaw
Vehumet
Wu Jian
Xom

Shops:
D:7 (

Portals:
Ice
Cave: Lair:1

Annotations:
D:3 exclusion: statue
D:7 1 runed translucent door, ces's ghost, novice GnWn
D:9 3 runed translucent doors, Livid's ghost, novice BaHu
Lair:1 Sonja


Innate Abilities, Weirdness & Mutations

You are an enormous serpent.
You have a powerful constriction melee attack.
Your maximum health is increased.
Your armour is entirely melded.
You are incapable of wielding weapons or throwing items.
((You are very nimble when in or above water. (Stealth+, EV+, Speed+++)))
((Your lower body shifts to a powerful aquatic tail in water.))


Message History

The ice devil is almost dead.
You feel yourself speed up.
You constrict the ice devil!
You kill the ice devil!
The Council accepts your kill.
Sonja throws a curare-tipped dart.
The curare-tipped dart barely misses you.
You lash the ice devil! You grab the ice devil.
The ice devil is moderately wounded.
You constrict the ice devil, but do no damage.
The ice devil hits you but does no damage.
Sonja hits the fungus with a +0 short sword of distortion!
Space warps horribly around the fungus!
Sonja hits the fungus with a +0 short sword of distortion!
Space warps around the fungus.
Sonja hits the fungus with a +0 short sword of distortion.
Space warps horribly around the fungus!
You hit the ice devil but do no damage.
The ice devil is moderately wounded.
You constrict the ice devil, but do no damage.
A nearby fungus withers and dies.
The ice devil hits you but does no damage.
You release your grip on the ice devil.
Sonja throws a curare-tipped dart.
The curare-tipped dart barely misses you.
The ice devil attacks as it pursues you!
The ice devil hits you. The ice devil freezes you!!
You hit the ice devil. You grab the ice devil.
The ice devil is moderately wounded.
You constrict the ice devil, but do no damage.
The ice devil hits you. The ice devil freezes you!!
You feel yourself slow down.
* * * LOW HITPOINT WARNING * * *
Unknown command.
You hit the ice devil.
The ice devil is heavily wounded.
You constrict the ice devil, but do no damage.
The ice devil hits you!
* * * LOW HITPOINT WARNING * * *
The ice devil freezes you!!
You die...

##..##
###..### #
###..##
##..### ###
#.##..#####.#
#####..##...##
#.##......#
####......#
######S# #
#4## #..
###K.#
#....##.'.##
#∩...4..#.#
#....##.+.#
#... ##### ##


You could see an ice devil and Sonja.

Vanquished Creatures
  A cyclops (D:10)
  A gargoyle (D:10)
  2 cane toads (Lair:1)
  A kobold demonologist (D:11)
  A komodo dragon (D:9)
  An ice devil (Lair:1)
  Grinder (D:3)
  3 hornets
  6 yaks
  A wyvern (D:10)
  Grum (D:8)
  A steam dragon (D:8)
  An acid dragon (D:10)
  2 water moccasins
  3 orc warriors
  2 sky beasts
  5 ogres
  2 black bears
  8 wolves
  A phantom (D:5)
  4 centaurs
  5 bullfrogs
  5 kobold brigands
  4 scorpions
  17 wights
  10 killer bees
  A jelly (D:7)
  A bombardier beetle (D:5)
  3 hounds
  10 orc priests
  14 orc wizards
  3 iguanas
  4 gnolls (D:2)
  7 adders
  2 white imps (D:6)
  2 ufetubi (D:5)
  A dart slug (D:4)
  22 orcs
  8 ball pythons
  6 bats
  4 endoplasms
  5 giant cockroaches
  10 goblins
  14 hobgoblins
  3 jackals (D:4)
  7 quokkas
  4 frilled lizards
  29 kobolds
  12 rats
261 creatures vanquished.

Notes
Turn   | Place    | Note
-------+----------+-------------------------------------------
     0 | D:1      | EonDragon20 the Merfolk Shapeshifter began the quest for
                  | the Orb.
     0 | D:1      | Reached XP level 1. HP: 15/15 MP: 1/1
   202 | D:1      | Reached XP level 2. HP: 21/21 MP: 2/2
   399 | D:1      | Reached skill level 5 in Shapeshifting
   501 | D:1      | Reached XP level 3. HP: 21/26 MP: 3/3
  1048 | D:2      | Reached skill level 6 in Shapeshifting
  1048 | D:2      | Reached XP level 4. HP: 16/32 MP: 4/4
  1535 | D:2      | Reached skill level 7 in Shapeshifting
  1535 | D:2      | Reached XP level 5. HP: 32/37 MP: 5/5
  1818 | D:3      | Found a faded altar of an unknown god.
  1923 | D:3      | Found a radiant altar of Vehumet.
  1923 | D:3      | Noticed a frost-covered statue
  1970 | D:3      | Noticed Grinder
  1996 | D:3      | Killed Grinder
  1997 | D:3      | Reached XP level 6. HP: 16/43 MP: 6/6
  2520 | D:4      | Found a snail-covered altar of Cheibriados.
  2810 | D:4      | Reached skill level 5 in Dodging
  2928 | D:4      | Reached skill level 5 in Unarmed Combat
  2928 | D:4      | Reached XP level 7. HP: 40/49 MP: 7/7
  3201 | D:4      | Found a white marble altar of Elyvilon.
  3213 | D:4      | Found a shadowy altar of Dithmenos.
  3776 | D:5      | Entered Level 5 of the Dungeon
  3796 | D:4      | Identified a scroll of acquirement
  3796 | D:4      | Acquired a manual of Shapeshifting
  4159 | D:5      | Found an ornate altar of the Wu Jian Council.
  4206 | D:5      | Noticed a spectral centipede
  4206 | D:5      | Noticed a spectral black mamba
  4206 | D:5      | Noticed a spectral cane toad
  4207 | D:5      | Became a worshipper of the Wu Jian Council
  4463 | D:5      | Reached XP level 8. HP: 45/59 MP: 8/8
  5062 | D:5      | Found a bloodstained altar of Trog.
  5454 | D:6      | Reached skill level 8 in Shapeshifting
  5599 | D:6      | Reached skill level 9 in Shapeshifting
  5611 | D:6      | Reached skill level 10 in Shapeshifting
  5929 | D:6      | Reached skill level 11 in Shapeshifting
  5942 | D:6      | Reached XP level 9. HP: 66/66 MP: 9/9
  6010 | D:6      | Reached skill level 12 in Shapeshifting
  6178 | D:6      | Found an ancient bone altar of Kikubaaqudgha.
  6247 | D:7      | Found an iron altar of Okawaru.
  6427 | D:7      | Reached skill level 13 in Shapeshifting
  6473 | D:7      | Found a sparkling altar of Nemelex Xobeh.
  6478 | D:7      | Reached * piety under Wu Jian
  6512 | D:7      | Found a runed translucent door.
  6512 | D:7      | Noticed ces's ghost (novice GnWn)
  6582 | D:7      | You fall into a shaft and drop 2 floors!
  6610 | D:9      | Noticed a hornet
  6611 | D:9      | Noticed a hornet
  6665 | D:9      | Reached skill level 14 in Shapeshifting
  6844 | D:7      | Noticed a hornet
  6853 | D:7      | Killed a hornet
  6854 | D:7      | Reached skill level 15 in Shapeshifting
  6862 | D:7      | Found Efecroj's Weapon Shoppe.
  6892 | D:7      | Found a shimmering altar of Xom.
  6911 | D:7      | Found a hide-covered altar of Uskayaw.
  7017 | D:7      | Reached skill level 1 in Stealth
  7347 | D:7      | Found a staircase to the Ecumenical Temple.
  7614 | D:8      | Found a broken altar of Ashenzari.
  7632 | D:8      | Noticed Grum
  7643 | D:8      | Killed Grum
  7659 | D:8      | Reached skill level 5 in Fighting
  7659 | D:8      | Reached XP level 10. HP: 68/74 MP: 10/10
  7773 | D:8      | Reached ** piety under Wu Jian
  8863 | D:9      | Reached *** piety under Wu Jian
  8913 | D:9      | Reached skill level 5 in Stealth
  8957 | D:9      | Found a staircase to the Lair.
  9211 | D:9      | Found a runed translucent gate.
  9212 | D:9      | Found a runed translucent gate.
  9213 | D:9      | Found a runed translucent gate.
  9216 | D:9      | Identified the +0 plate armour of Honesty {Harm Str+3}
  9218 | D:9      | Noticed Livid's ghost (novice BaHu)
  9941 | D:10     | Entered Level 10 of the Dungeon
  9960 | D:10     | Reached XP level 11. HP: 84/84 MP: 11/11
 10054 | D:10     | Reached skill level 10 in Dodging
 10191 | D:10     | Noticed a cyclops
 10206 | D:10     | Killed a cyclops
 10695 | D:11     | Noticed a cyclops
 10696 | D:11     | Noticed a cyclops
 10759 | Lair:1   | Entered Level 1 of the Lair of Beasts
 10926 | Lair:1   | Reached **** piety under Wu Jian
 11028 | Lair:1   | Noticed Sonja
 11126 | Lair:1   | Found a frozen archway.
 11145 | Lair:1   | Slain by an ice devil

Illustrated notes

Levels and vault maps discovered:
D:1:      lemuel_arrival_hallway, layout_basic
D:2:      layout_rooms, minmay_three_crescents
D:3:      layout_rooms, vehumet_statue, dreamdust_ecumenical_altar_statues,
          serial_bayou_pond_d, item_on_display_a, uniq_grinder
D:4:      layout_loops_ring, kennysheep_slug_shrine,
          amethyst_overflow_temple_binary, minmay_goblin_kobold_house
D:5:      layout_cave_pods, trog_book, pdpol_wu_jian_five_deadly_venoms
D:6:      layout_rooms, kiku_gazebo_garden_becter, minmay_microvault
D:7:      layout_basic, okawaru_metal_pillars_1_2, lemuel_round_altar,
          kennysheep_mini_moat, nemelex_dance_club_becter,
          minmay_temple_entry_enclosed_plants, ebering_ghost_inner_flame,
          serial_shops, shop, item_on_display_b
D:8:      layout_cave_pods, ashenzari_altar_1, enter_bailey_2, uniq_grum
D:9:      layout_rooms, grunt_lair_entry_orc_guard_hut,
          biasface_ghost_orc_armoury
D:10:     layout_cave_pools, palyth_stone_intersect
D:11:     nzn_winding_woodlands_stair_trap [nzn_winding_woodlands_5x15_cabin,
          nzn_winding_woodlands_5x15_default,
          nzn_winding_woodlands_5x15_longhouse,
          nzn_winding_woodlands_15x15_thick_spiral,
          nzn_winding_woodlands_5x15_sawtooth,
          nzn_winding_woodlands_5x15_zeroes, nzn_winding_woodlands_5x15_eye],
          layout_basic, orc_0_dummy
Lair:1:   layout_cave_pods, portal_ice_cave_demonic_guard, uniq_sonja,
          uniq_maggie, uniq_joseph

Skill      XL: |  1  2  3  4  5  6  7  8  9 10 11 |
---------------+----------------------------------+-----
Shapeshifting  | 5 6 7 11 15 | 15.2
Dodging        | 4 5 6 7 8 9 10 | 10.9
Unarmed Combat | 4 5 6 7 8 9 |  9.5
Fighting       | 3 4 5 7 8 |  8.0
Stealth        | 3 6 7 |  7.5

Action                     |  1- 3 |  4- 6 |  7- 9 | 10-12 || total
---------------------------+-------+-------+-------+-------++-------
  Melee: Unarmed           |   113 |   101 |   306 |   309 ||   829
         Punch             |     1 |     3 |       |       ||     4
         Dagger            |       |    52 |       |       ||    52
         Tailslap          |       |     3 |       |       ||     3
         Constrict         |       |       |    22 |    66 ||    88
Ability: Lunge             |       |       |    14 |     6 ||    20
         Whirlwind         |       |       |     1 |    48 ||    49
    Use: Potion            |     3 |     1 |     2 |     2 ||     8
         Scroll            |     1 |     6 |     7 |     2 ||    16
   Stab: Sleeping          |     1 |     1 |     1 |     8 ||    11
         Distracted        |       |       |     1 |       ||     1
 Armour: Animal skin       |    71 |    26 |       |       ||    97
         Skin              |       |    23 |   109 |   167 ||   299
  Dodge: Dodged            |    63 |    84 |   197 |   137 ||   481
   Form: Flux              |       |     1 |       |       ||     1
         Serpent           |       |       |     1 |       ||     1
